 Dungeon Crawl Stone Soup version 0.30-a0-557-ge2afbf3030 (webtiles) character file.

Game seed: 15493572068813426174

87 Newt the Shooter (level 4, -3/28 HPs)
             Began as a Kobold Hunter on Dec 27, 2022.
             Slain by a goblin
             ... wielding a +0 club
             ... led by Robin
              (6 damage)
             ... on level 2 of the Dungeon.
             The game lasted 00:01:44 (1475 turns).

Newt the Shooter (Kobold Hunter)                    Turns: 1475, Time: 00:01:44

Health: -3/28      AC:  0    Str:  8    XL:     4   Next: 80%
Magic:  4/4        EV: 15    Int: 10    God:
Gold:   54         SH:  0    Dex: 20    Spells: 3/3 levels left

rFire   . . .      SeeInvis .    (weapon currently unavailable)
rCold   . . .      Faith    .    (shield currently unavailable)
rNeg    . . .      Spirit   .    (body armour currently unavailable)
rPois   .          Reflect  .    (helmet currently unavailable)
rElec   .          Harm     .    (cloak currently unavailable)
rCorr   .          Rampage  .    (gloves currently unavailable)
Will    .....                    (boots currently unavailable)
Stlth   +++                      (no amulet)
HPRegen 0.24/turn                (ring currently unavailable)
MPRegen 0.09/turn                (ring currently unavailable)

@: mighty, about to teleport, pig-form, very quick
A: fast, no casting, small, no large weapons, nightstalker 3
a: no special abilities


You were on level 2 of the Dungeon.
You were a filthy swine.
You visited 1 branch of the dungeon, and saw 2 of its levels.

You collected 54 gold pieces.

Inventory:

Hand Weapons
 a - a +0 shortbow
 f - a +2 dagger of venom
 n - the +4 sling of Symmetry (melded) {flame, rF++}
   (You found it on level 2 of the Dungeon)

   Any ammunition fired from it burns those it strikes, dealing additional fire
   damage.
   rF:        It greatly protects you from fire.
Armour
 c - a +1 leather armour (melded)
Jewellery
 o - a ring of magical power
Scrolls
 b - a scroll of immolation
 d - a scroll of fear
 g - a scroll of summoning {unknown}
 h - 2 scrolls of amnesia
 j - 2 scrolls of teleportation
Potions
 e - a potion of lignification {unknown}
 i - a potion of ambrosia {unknown}
 l - a potion of invisibility {unknown}
 m - a potion of curing {unknown}


   Skills:
 + Level 3.4 Fighting
 - Level 7.0 Ranged Weapons
 - Level 2.4 Dodging
 - Level 1.3 Stealth


You had 3 spell levels left.
You didn't know any spells.
Your spell library was empty.

Dungeon Overview and Level Annotations

Branches:
Dungeon (2/15)

Altars:

Shops:
D:1 [*

Annotations:
D:2 Robin


Innate Abilities, Weirdness & Mutations

You are a filthy swine.
You move quickly.
Your equipment is almost entirely melded.
You are incapable of wielding weapons or throwing items.
You cannot cast spells.
You are small and have problems with some larger weapons.
You are completely attuned to the shadows.


Message History

The goblin misses you.
You hit Robin but do no damage.
Robin is lightly wounded.
The goblin no longer looks unusually strong.
The hobgoblin no longer looks unusually strong.
Robin hits you with a +0 club. The goblin barely misses you.
You are too injured to fight recklessly!
You are too injured to fight recklessly!
You are too injured to fight recklessly!
You are too injured to fight recklessly!
You are too injured to fight recklessly!
You are too injured to fight recklessly!
You are too injured to fight recklessly!
You are too injured to fight recklessly!
You are too injured to fight recklessly!
You are too injured to fight recklessly!
You are too injured to fight recklessly!
You are too injured to fight recklessly!
You are too injured to fight recklessly!
You are too injured to fight recklessly!
You are too injured to fight recklessly!
You are too injured to fight recklessly!
You are too injured to fight recklessly!
You are too injured to fight recklessly!
Unknown command.
As you read the scroll of teleportation, it crumbles to dust.
You feel strangely unstable. Robin hits you with a +0 club.
The goblin hits you with a +0 club.
* * * LOW HITPOINT WARNING * * *
Unknown command.
You barely miss the goblin.
The goblin no longer looks unusually strong.
Robin misses you. The goblin hits you with a +0 club.
* * * LOW HITPOINT WARNING * * *
It was a potion of might.
You feel very mighty all of a sudden.
Robin roars a battlecry!
The goblins go into a battle-frenzy!
The goblin hits you with a +0 club.
You die...

#......# #......#
#......# #......# ....
#......# ..g. #......#
.... #......#
...g############.....†#
..)ggghg......)........
##################.....
#....# ######## #....#
.......# #.####
.......###.#
....).......###
########
#......).†.....#
.......#
#..............#


You could see Robin, a hobgoblin (strong) and 3 goblins.

Vanquished Creatures
  2 adders (D:2)
  A worm (D:2)
  6 endoplasms (D:1)
  3 giant cockroaches
  6 goblins
  7 hobgoblins
  7 jackals (D:1)
  2 quokkas (D:2)
  7 ball pythons
  3 bats
  2 frilled lizards
  7 kobolds
  6 rats (D:1)
59 creatures vanquished.

Notes
Turn   | Place    | Note
-------+----------+-------------------------------------------
     0 | D:1      | Newt the Kobold Hunter began the quest for the Orb.
     0 | D:1      | Reached XP level 1. HP: 12/12 MP: 1/1
    80 | D:1      | Reached XP level 2. HP: 11/17 MP: 2/2
   119 | D:1      | Reached skill level 6 in Ranged Weapons
   354 | D:1      | Found Buxzut's Antique Armour Shoppe.
   600 | D:1      | Found Ogishrula's General Store.
   676 | D:1      | Reached XP level 3. HP: 18/21 MP: 3/3
  1009 | D:2      | Reached skill level 7 in Ranged Weapons
  1034 | D:2      | Reached XP level 4. HP: 18/27 MP: 4/4
  1242 | D:2      | Identified the +4 sling of Symmetry {flame, rF++}
  1453 | D:2      | Noticed Robin
  1475 | D:2      | Slain by a goblin

Illustrated notes

Levels and vault maps discovered:
D:1:      onia_arrival_handbag, layout_basic, serial_shops, shop, shop,
          serial_glass, glass_columns_a, glass_columns_a, minmay_surrounded
D:2:      layout_basic, uniq_robin

Skill      XL: |  1  2  3  4 |
---------------+-------------+-----
Ranged Weapons | 6 7 |  7.0
Fighting       | 3 |  3.4
Dodging        | |  2.4
Stealth        | |  1.3

Action                   |  1- 3 |  4- 6 || total
-------------------------+-------+-------++-------
Melee: Dagger            |    71 |    14 ||    85
       Punch             |     1 |       ||     1
       Unarmed           |       |     9 ||     9
 Fire: Shortbow          |    15 |       ||    15
       Sling             |       |    27 ||    27
  Use: Scroll            |     4 |     1 ||     5
       Potion            |       |     1 ||     1
 Stab: Sleeping          |     8 |     1 ||     9
Armor: Leather armour    |     8 |    10 ||    18
Dodge: Dodged            |    44 |    38 ||    82

Table legend: (Time is in decaauts)
 A = Elapsed time spent in this place.
 B = Non-inter-level travel time spent in this place.
 C = Inter-level travel time spent in this place.
 D = Time resting spent in this place.
 E = Time spent auto-exploring this place.
 F = Levels seen in this place.
 G = Mean time per level.
                   A        B        C        D        E       F      G
               +--------+--------+--------+--------+--------+-----+--------+
         Total |   1479 |   1466 |     13 |      0 |   1164 |   2 |  739.5 |
       Dungeon |   1479 |   1466 |     13 |      0 |   1164 |   2 |  739.5 |
               +--------+--------+--------+--------+--------+-----+--------+

Top non-repeatable levels by time:
     D:1: 1007 daAuts
     D:2: 472 daAuts
